 Dungeon Crawl Stone Soup version 0.27-a0-291-gd9602db6ee (webtiles) character file.

Game seed: 8452415709804698130

75 dolemite99 the Chopper (level 4, 0/58 HPs)
             Began as a Minotaur Abyssal Knight on Feb 10, 2021.
             Was a Follower of Lugonu.
             Slain by a worker ant (2 damage)
             ... on level 4 of the Dungeon.
             The game lasted 00:02:04 (2036 turns).

dolemite99 the Chopper (Minotaur Abyssal Knight)    Turns: 2036, Time: 00:02:04

Health: 0/58       AC: 22    Str: 17    XL:     4   Next: 11%
Magic:  4/4        EV:  2    Int:  9    God:    Lugonu [*.....]
Gold:   82         SH:  0    Dex: 16    Spells: 3/3 levels left

rFire    . . .     SeeInvis .   a - +1 hand axe
rCold    . . .     Faith    .   (no shield)
rNeg     + + +     Spirit   .   (armour currently unavailable)
rPois    +         Reflect  .   (helmet currently unavailable)
rElec    .         Harm     .   (cloak currently unavailable)
rCorr    .         Rampage  .   (gloves currently unavailable)
Will     .....     NoTele   +   (boots currently unavailable)
Stlth    +.........             (no amulet)
HPRegen  0.19/turn              d - +6 ring of dexterity
MPRegen  0.09/turn              (no ring)

@: lethally poisoned (0 -> -2), tree-form, hasted, very quick
A: (retaliatory headbutt)
a: Renounce Religion, Depart the Abyss


You were on level 4 of the Dungeon.
You worshipped Lugonu.
Lugonu was aware of your devotion.
You were a tree.
You visited 1 branch of the dungeon, and saw 4 of its levels.
You visited the Abyss 1 time.

You collected 82 gold pieces.

Inventory:

Hand Weapons
 a - a +1 hand axe (weapon)
 l - a +0 hunting sling
Missiles
 f - 4 boomerangs
 j - 23 bolts
 o - 5 javelins
Armour
 b - a +0 leather armour
 h - a +0 ring mail
 k - a +0 chain mail (melded)
 m - a +0 pair of boots (melded)
 q - a +0 scale mail
Jewellery
 d - a +6 ring of dexterity (left branch)
Wands
 t - a wand of digging (3)
Scrolls
 c - 2 scrolls of enchant armour {unknown}
 g - a scroll of teleportation {unknown}
 i - 3 scrolls of magic mapping
 p - a scroll of amnesia {unknown}
 r - a scroll of fear {unknown}
 s - a scroll of enchant weapon {unknown}


   Skills:
 - Level 3.6 Fighting
 + Level 5.4 Axes
 - Level 2.4 Armour
 - Level 1.1 Dodging
 - Level 1.7 Invocations


You had 3 spell levels left.
You didn't know any spells.
Your spell library was empty.

Dungeon Overview and Level Annotations

Branches:
Dungeon (3/15)

Altars:

Annotations:
D:2 Sigmund


Innate Abilities, Weirdness & Mutations

((You reflexively headbutt those who attack you in melee.))
((You have a pair of horns on your head.))


Message History

The ogre is severely wounded.
You hit the worker ant.
You feel sick.
The ogre hits you with a +0 giant spiked club.
You hit the ogre but do no damage.
The ogre is severely wounded.
You hit the worker ant but do no damage.
The worker ant bites you.
You hit the ogre.
The ogre is almost dead.
You hit the worker ant but do no damage.
The worker ant bites you but does no damage.
The ogre hits you with a +0 giant spiked club!!
* * * LOW HITPOINT WARNING * * *
You hit the ogre.
You kill the ogre!
Lugonu accepts your kill.
You hit the worker ant but do no damage.
* * * LOW HITPOINT WARNING * * *
You feel sick. The worker ant bites you.
You die...

##### ##
##...##... ###
##...>.....
....#...../....
#.....)......
#..♣......$
......B........
.######...##...
##### #


You could see a worker ant.

Vanquished Creatures
  An ogre (D:4)
  A hound (D:2)
  An adder (D:2)
  2 worms (D:2)
  A leopard gecko (D:1)
  2 giant cockroaches
  4 goblins
  4 hobgoblins
  3 jackals (D:2)
  2 bats
  3 frilled lizards
  A kobold (D:2)
  6 rats
31 creatures vanquished.

Notes
Turn   | Place    | Note
-------+----------+-------------------------------------------
     0 | Abyss:1  | dolemite99 the Minotaur Abyssal Knight began the quest for
                  | the Orb.
     0 | Abyss:1  | Reached XP level 1. HP: 19/19 MP: 1/1
    28 | Abyss:1  | Found a corrupted altar of Lugonu.
    90 | Abyss:1  | Noticed a starcursed mass
    91 | D:1      | Escaped the Abyss
   700 | D:1      | Reached skill level 3 in Axes
   770 | D:1      | Reached XP level 2. HP: 23/26 MP: 2/2
  1274 | D:2      | Reached * piety under Lugonu
  1393 | D:2      | Noticed Sigmund
  1515 | D:2      | Reached skill level 4 in Axes
  1515 | D:2      | Reached XP level 3. HP: 31/31 MP: 3/3
  1584 | D:2      | Reached skill level 5 in Axes
  1584 | D:2      | Reached XP level 4. HP: 19/39 MP: 4/4
  2024 | D:3      | You fall into a shaft and drop 1 floor!
  2025 | D:4      | Noticed an ogre
  2035 | D:4      | HP: 2/58 [ogre/+0 giant spiked club (18)]
  2036 | D:4      | Killed an ogre
  2036 | D:4      | Slain by a worker ant

Illustrated notes

Levels and vault maps discovered:
D:1:      psy_arrival_fountain, layout_loops_corners
D:2:      layout_basic, uniq_sigmund
D:3:      layout_basic, uniq_crazy_yiuf_cottage, uniq_ijyb, uniq_terence
D:4:      layout_rooms, uniq_grinder

Skill      XL: |  1  2  3 |
---------------+----------+-----
Axes           | 3 4 5 |  5.4
Fighting       | |  3.6
Armour         | |  2.4
Dodging        | |  1.1
Invocations    | |  1.7

Action                   |  1- 3 |  4- 6 || total
-------------------------+-------+-------++-------
Melee: Hand axe          |    49 |    14 ||    63
       Headbutt          |     9 |     2 ||    11
Invok: Depart the Abyss  |     1 |       ||     1
  Use: Scroll            |     2 |     2 ||     4
       Potion            |       |     2 ||     2
Armor: Ring mail         |    15 |       ||    15
       Scale mail        |    13 |       ||    13
       Skin              |       |     6 ||     6
       Chain mail        |       |     2 ||     2
Dodge: Dodged            |    38 |     3 ||    41

Table legend: (Time is in decaauts)
 A = Elapsed time spent in this place.
 B = Non-inter-level travel time spent in this place.
 C = Inter-level travel time spent in this place.
 D = Time resting spent in this place.
 E = Time spent auto-exploring this place.
 F = Levels seen in this place.
 G = Mean time per level.
                   A        B        C        D        E       F      G
               +--------+--------+--------+--------+--------+-----+--------+
         Total |   2038 |   1941 |     97 |    492 |   1110 |   5 |  407.6 |
       Dungeon |   1947 |   1850 |     97 |    492 |   1021 |   4 |  486.8 |
         Abyss |     91 |     91 |      0 |      0 |     89 |   1 |   91.0 |
               +--------+--------+--------+--------+--------+-----+--------+

Top non-repeatable levels by time:
     D:1: 1195 daAuts
     D:2: 577 daAuts
     D:3: 166 daAuts
 Abyss:1: 91 daAuts
     D:4: 8 daAuts
